 Dungeon Crawl Stone Soup version 0.16.0-1-gbc1383b (console) character file.

228 gw the Magician (level 6, 0/44 HPs)
             Began as a Human Wizard on Mar 14, 2015.
             Slain by a gnoll (4 damage)
             ... on level 3 of the Dungeon.
             The game lasted 00:02:53 (4694 turns).

gw the Magician (Human Wizard)                      Turns: 4694, Time: 00:02:53

Health: 0/44       AC:  3    Str:  7    XL:     6   Next: 22%
Magic:  0/13       EV: 11    Int: 20    God:
Gold:   94         SH:  0    Dex: 12    Spells: 1 memorised, 11 levels left

rFire  . . .     SeeInvis .     a - -3 short sword (curse)
rCold  . . .     Clarity  .     l - +0 leather armour
rNeg   . . .     SustAb   .     (no shield)
rPois  .         Gourm    .     k - +0 hat
rElec  .         Spirit   .     (no cloak)
rCorr  .         Warding  .     (no gloves)
rMut   .         Stasis   .     (no boots)
MR     .....                    (no amulet)
Stlth  ++........               (no ring)
                                (no ring)

@: very slightly contaminated, not resistant to hostile enchantments, unstealthy
A: no striking features
a: no special abilities


You were on level 3 of the Dungeon.
You were not hungry.

You visited 1 branch of the dungeon, and saw 3 of its levels.

You collected 94 gold pieces.

Inventory:

Hand weapons
 a - a cursed -3 short sword (weapon)
 b - a +0 dagger
Missiles
 g - 16 poisoned needles
 j - 81 stones (quivered)
Armour
 k - a +0 hat (worn)
 l - a +0 leather armour (worn)
Magical devices
 r - a wand of fireball (3)
 u - a wand of magic darts (42)
Scrolls
 i - 4 scrolls of identify
 n - a scroll of recharging {unknown}
 p - a scroll of fog {unknown}
 q - 2 scrolls of teleportation {unknown}
 t - a scroll of blinking {unknown}
Potions
 e - a potion of curing
 m - a potion of invisibility {unknown}
 s - a potion of magic {unknown}
Books
 c - a book of Minor Magic

   Spells                             Type                      Level
   a - Magic Dart                     Conjuration                  1
   b - Blink                          Translocation                2
   c - Call Imp                       Summoning                    2
   d - Repel Missiles                 Charms/Air                   2
   e - Slow                           Hexes                        2
   f - Conjure Flame                  Conjuration/Fire             3
   g - Mephitic Cloud                 Conjuration/Poison/Air       3
Comestibles
 d - 2 bread rations
 f - a royal jelly
 h - a beef jerky
 o - 3 fruits


   Skills:
 + Level 2.2 Fighting
 + Level 1.7 Short Blades
 + Level 2.2 Armour
 - Level 2.0 Dodging
 - Level 2.0 Stealth
 + Level 3.7 Spellcasting
 * Level 3.1 Conjurations
   Level 1.0 Summonings
   Level 1.0 Translocations


You had 11 spell levels left.
You knew the following spells:

 Your Spells              Type           Power        Failure   Level  Hunger
a - Magic Dart            Conj           ###.         6%          1    None


Dungeon Overview and Level Annotations

Branches:
Dungeon (3/15)

Altars:
Dithmenos
Elyvilon
Trog


Message History

ATTACKING (0,1)
You barely miss the gnoll.
The gnoll is severely wounded.
The gnoll hits you!
Unknown command.
Unknown command.
Unknown command.
Unknown command.
ATTACKING (0,1)
You hit the gnoll but do no damage.
The gnoll is severely wounded.
The gnoll hits you!
Unknown command.
Unknown command.
Unknown command.
Unknown command.
ATTACKING (-1,1)
Your leather armour prevents you from hitting the gnoll.
The gnoll misses you. The gnoll hits you.
You die...

##%.## #..... ...## ####.#
..#.....# ##########... >.#......
............## .##.....#
########.<.## ..###.###
##......#.### ..## .# ##
#.........# ...##.#
#.########........####
.#..#.####'#####p##...........###
........##.....gg##...#.....#.#..
#....##.##..._...###............
##.#####.##.....####..#.}.}.#.##
..........##...###............#
.##.#####.###.##......#.....#.# .
#...# #..##............_....#
###.## #...##.......#.....#.#
#..# ###..................#


You could see 2 gnolls.

Table legend:
 A = Turns spent in this place as a percentage of turns spent in the entire game.
 B = Non-inter-level travel turns spent in this place as a percentage of non-inter-level travel turns spent in the entire game.
 C = Inter-level travel turns spent in this place as a percentage of turns spent in this place.
 D = Turns resting spent in this place as a percentage of non-inter-level travel turns spent in this place.
 E = Turns spent auto-exploring this place as a percentage of non-inter-level travel turns spent in this place.
 F = Non-inter-level travel turns spent in this place divided by the number of levels of this place that you've seen.
                   A       B       C       D       E      F
               +-------+-------+-------+-------+-------+----------------------
         Total | 100.0 | 100.0 |   0.6 |   3.7 |   2.3 | 1658.0
       Dungeon | 100.0 | 100.0 |   0.6 |   3.7 |   2.3 | 1658.0
               +-------+-------+-------+-------+-------+----------------------

Table legend:
 A = Kills in this place as a percentage of kills in entire the game.
 B = Kills by you in this place as a percentage of kills by you in the entire game.
 C = Kills by friends in this place as a percentage of kills by friends in the entire game.
 D = Other kills in this place as a percentage of other kills in the entire game.
 E = Experience gained in this place as a percentage of experience gained in the entire game.
 F = Experience gained in this place divided by the number of levels of this place that you have seen.
                   A       B       C       D       E      F
               +-------+-------+-------+-------+-------+----------------------
         Total | 100.0 | 100.0 |  -nan |  -nan | 100.0 | 108.7
       Dungeon | 100.0 | 100.0 |  -nan |  -nan | 100.0 | 108.7
               +-------+-------+-------+-------+-------+----------------------

Vanquished Creatures
  A centaur zombie (D:3)
  Natasha (thrice) (D:3)
  4 adders
  5 worms
  8 giant geckos
  An ooze (D:1)
  5 orcs (D:3)
  A ball python (D:2)
  9 bats
  A giant cockroach (D:2)
  12 goblins
  9 hobgoblins
  6 jackals (D:1)
  9 kobolds
  A quokka (D:3)
  9 rats
84 creatures vanquished.

Notes
Turn   | Place    | Note
--------------------------------------------------------------
     0 | D:1      | gw, the Human Wizard, began the quest for the Orb.
     0 | D:1      | Reached XP level 1. HP: 13/13 MP: 4/4
   194 | D:1      | Reached skill level 1 in Armour
   194 | D:1      | Reached XP level 2. HP: 16/19 MP: 0/6
   918 | D:1      | Reached XP level 3. HP: 25/25 MP: 3/7
   997 | D:1      | Reached skill level 1 in Fighting
  1588 | D:1      | Learned a level 1 spell: Magic Dart
  2068 | D:2      | Reached XP level 4. HP: 32/32 MP: 3/9
  2262 | D:2      | Found a shadowy altar of Dithmenos.
  2270 | D:2      | Reached skill level 1 in Short Blades
  3252 | D:2      | Reached XP level 5. HP: 31/38 MP: 2/11
  3436 | D:3      | Noticed Natasha
  3445 | D:3      | Killed Natasha
  3513 | D:3      | Found a white marble altar of Elyvilon.
  3530 | D:3      | Noticed Natasha
  3537 | D:3      | Killed Natasha
  4047 | D:3      | Reached XP level 6. HP: 44/44 MP: 0/13
  4228 | D:3      | HP: 1/44 [goblin (2)]
  4263 | D:3      | Noticed Natasha
  4263 | D:3      | Killed Natasha
  4664 | D:3      | Found a bloodstained altar of Trog.
  4694 | D:3      | Slain by a gnoll

Action                   |  1- 3 |  4- 6 || total
-------------------------+-------+-------++-------
Melee: Short sword       |    39 |    30 ||    69
Throw: Stone             |       |     7 ||     7
 Cast: Magic Dart        |    80 |   166 ||   246
  Use: Potion            |     3 |       ||     3
       Scroll            |     1 |     2 ||     3
  Eat: Chunk             |     3 |     8 ||    11

Vault maps used:
D:1:      dpeg_arrival_shelter, lemuel_old_faithful
D:2:      lemuel_doored_altar, st_stairs_3, bh_walls_and_bars
D:3:      elyvilon_altar_5, first_bread, trog_butcher_becter, uniq_sigmund,
          uniq_natasha
